 Dungeon Crawl Stone Soup version 0.29.1-15-g9cfb28693d (webtiles) character file.

Game seed: 3878002262288636378

24 hawla the Chiller (level 3, 0/26 HPs)
             Began as a Meteoran Ice Elementalist on Apr 13, 2023.
             Was an Initiate of Vehumet.
             Slain by an iguana (6 damage)
             ... on level 4 of the Dungeon.
             The game lasted 00:02:51 (478 turns).

hawla the Chiller (Meteoran Ice Elementalist)        Turns: 478, Time: 00:02:51

Health: 0/26       AC:  2    Str: 13    XL:     3   Next: 32%
Magic:  6/8        EV: 12    Int: 18    God:    Vehumet [......]
Gold:   68         SH:  0    Dex: 15    Spells: 4/8 levels left

rFire   . . .      SeeInvis .   (no weapon)
rCold   . . .      Faith    .   (no shield)
rNeg    . . .      Spirit   .   a - +0 robe
rPois   .          Reflect  .   (no helmet)
rElec   .          Harm     .   (no cloak)
rCorr   .          Rampage  .   (no gloves)
Will    +....                   (no boots)
Stlth   +.........              (no amulet)
HPRegen 0.08/turn               c - ring of Insomnia {Will+ Str+4}
MPRegen 0.11/turn               (no ring)

@: mighty, glowing
A: sense surroundings 1, otherworldly, glowing, explore regen
a: Renounce Religion


You were on level 4 of the Dungeon.
You worshipped Vehumet.
Vehumet was noncommittal.
You visited 2 branches of the dungeon, and saw 6 of its levels.

You collected 68 gold pieces.

Inventory:

Armour
 a - a +0 robe (worn)
Jewellery
 c - the ring of Insomnia (left hand) {Will+ Str+4}
   (You found it on level 2 of the Dungeon)

   [ring of willpower]

   Str:       It affects your strength (+4).
   Will:      It increases your willpower.
Scrolls
 b - a scroll of identify
Potions
 d - a potion of brilliance


   Skills:
 + Level 2.5 Dodging
 - Level 1.4 Stealth
 + Level 3.0 Spellcasting
 + Level 5.1 Ice Magic


You had 4 spell levels left.
You knew the following spells:

 Your Spells              Type           Power      Damage    Failure   Level
a - Freeze                Ice            84%        1d10      1%          1
b - Frozen Ramparts       Ice            42%        1d7       6%          3

Your spell library contained the following spells:

 Spells                   Type           Power      Damage    Failure   Level
 Ozocubu's Armour         Ice            21%        N/A       6%          3
 Hailstorm                Conj/Ice       12%        3d5       50%         4


Dungeon Overview and Level Annotations

Branches:
Dungeon (5/15) Zot: 2538   Temple (1/1) D:4 Zot: 583

Altars:
Dithmenos
Elyvilon
Fedhas
Nemelex Xobeh
Okawaru
Sif Muna
Vehumet
Xom
Yredelemnul
Zin

Shops:
D:4 [

Annotations:
D:5 Edmund


Innate Abilities, Weirdness & Mutations

You passively map a small area around you.
You are easily found by Zot.
You glow in the dark.
You regain HP and MP as you explore.


Message History

Press: ? - help, Shift-Dir - straight line, f - phantom
Aim: a phantom You freeze the phantom.
The phantom resists.
The phantom is lightly damaged.
The phantom hits you.
Unknown command.
Okay, then.
Unknown command.
Okay, then.
It was a potion of might.
You feel very mighty all of a sudden. The phantom hits you.
* * * LOW HITPOINT WARNING * * *
Unknown command.
You closely miss the phantom.
The phantom is lightly damaged.
The phantom hits you but does no damage.
You hit the phantom.
The phantom is moderately damaged.
The phantom misses you.
You barely miss the phantom.
The phantom is moderately damaged.
The phantom closely misses you.
You hit the phantom.
The phantom is heavily damaged.
The phantom barely misses you.
You barely miss the phantom.
The phantom is heavily damaged.
The phantom hits you.
* * * LOW HITPOINT WARNING * * *
The iguana barely misses you.
Casting: Freeze (safe; 1% risk of failure)
Confirm with . or Enter, or press ? or * to list all spells.
Aiming: Freeze (safe; 1% risk of failure)
Press: ? - help, Shift-Dir - straight line, f - iguana, p - phantom
Aim: an iguana You freeze the iguana.
The iguana is lightly wounded.
The iguana bites you.
You die...

#....,,,,*,* #.# #g# #.
#.#.#**#!#,* #.# #.# #.
#.#.# #.#,*##.###.# #.
####.#.####>#.##...##.#####.
#.....!.....#.......#.#.....
#.#...§####.#**#.....∩..####
*,#.W......W# ##.###.###
*,#..######W# ###.# #..#
*,#.......l@###...# ##.#
*,#g#######.##...####*.#
*,#...W.lg.............#
*,#########.##...####### *,*
#.###.## *,* #.# #.#
*,********#.# #.#
*,,,,,,,,,..# #.#
**********#.# #.#*


You could see 2 phantoms and an iguana.

Vanquished Creatures
  An adder (D:4)
  A worm (D:3)
  3 dart slugs
  A goblin (D:4)
  3 rats
9 creatures vanquished.

Notes
Turn   | Place    | Note
-------+----------+-------------------------------------------
     0 | D:1      | hawla the Meteoran Ice Elementalist began the quest for the
                  | Orb.
     0 | D:1      | Reached XP level 1. HP: 14/14 MP: 5/5
    26 | D:2      | Identified the ring of Insomnia {Will+ Str+4}
   144 | D:2      | Reached XP level 2. HP: 18/20 MP: 3/6
   283 | D:4      | Reached skill level 5 in Ice Magic
   294 | D:4      | Found a staircase to the Ecumenical Temple.
   303 | Temple   | Entered the Ecumenical Temple
   311 | Temple   | Became a worshipper of Vehumet
   385 | D:4      | Reached XP level 3. HP: 22/26 MP: 4/8
   389 | D:4      | Learned a level 3 spell: Frozen Ramparts
   415 | D:5      | Entered Level 5 of the Dungeon
   415 | D:5      | Noticed Edmund
   415 | D:5      | Noticed a phantom
   415 | D:5      | Found a white marble altar of Elyvilon.
   429 | D:4      | Noticed a phantom
   437 | D:4      | Found Hittyfat's Antique Armour Emporium.
   453 | D:4      | Noticed a phantom
   478 | D:4      | Slain by an iguana

Illustrated notes

Levels and vault maps discovered:
D:1:      psy_arrival_radial01, layout_basic, basic_ecumenical_altar,
          minivault_5
D:2:      layout_loops_ring, minmay_three_crescents, uniq_terence
D:3:      layout_basic, dk_noncrumbling_3, minmay_between, uniq_jessica
D:4:      layout_loops_ring, temple_hall, serial_shops, nicolae_shop_crystal,
          st_stairs_7
D:5:      layout_rooms, beargit_hepliaklqana_dungeon_heroes,
          mainiacjoe_overflow_tiny_flanked, minmay_manual_mandibuliform,
          uniq_edmund
Temple:   eino_narrow_crystal_temple

Skill      XL: |  1  2 |
---------------+-------+-----
Ice Magic      | 5 |  5.1
Spellcasting   | 3 |  3.0
Dodging        | |  2.5
Stealth        | |  1.4

Action                   || total
-------------------------++-------
Melee: Unarmed           ||    12
 Cast: Freeze            ||    22
  Use: Potion            ||     2
       Scroll            ||     3
 Stab: Sleeping          ||     1
Armor: Robe              ||     7
Dodge: Dodged            ||    22
